 Dungeon Crawl Stone Soup version 0.29.1-12-g30fa7ad0bf (webtiles) character file.

Game seed: 3862903367713231814

392 GigaChad the Covered (level 6, -8/47 HPs)
             Began as a Minotaur Fighter on Dec 16, 2022.
             Was a Follower of Hepliaklqana.
             Mangled by Crazy Yiuf
             ... wielding a +2 quarterstaff of chaos
              (18 damage)
             ... on level 4 of the Dungeon.
             The game lasted 00:07:13 (3965 turns).

GigaChad the Covered (Minotaur Fighter)             Turns: 3965, Time: 00:07:13

Health: -8/47      AC:  7    Str: 23    XL:     6   Next: 51%
Magic:  5/5        EV: 10    Int:  5    God:    Hepliaklqana [*.....]
Gold:   169        SH:  4    Dex:  9    Spells: 5/5 levels left

rFire   . . .      SeeInvis .   a - +0 war axe
rCold   . . .      Faith    .   c - +0 buckler
rNeg    . . .      Spirit   .   b - +0 scale mail
rPois   .          Reflect  .   (helmet restricted)
rElec   .          Harm     .   (no cloak)
rCorr   .          Rampage  .   (no gloves)
Will    .....                   (no boots)
Stlth   ..........              (no amulet)
HPRegen 0.15/turn               (no ring)
MPRegen 0.09/turn               (no ring)

@: no status effects
A: reduced essence, horns 2, retaliatory headbutt
a: Renounce Religion, Recall Ancestor, Ancestor Identity


You were on level 4 of the Dungeon.
You worshipped Hepliaklqana.
Hepliaklqana was aware of your devotion.
You visited 2 branches of the dungeon, and saw 5 of its levels.

You collected 169 gold pieces.

Inventory:

Hand Weapons
 a - a +0 war axe (weapon)
Armour
 b - a +0 scale mail (worn)
 c - a +0 buckler (worn)
Jewellery
 f - a ring of resist corrosion
 l - a ring of willpower
Scrolls
 e - 4 scrolls of teleportation {unknown}
 h - 3 scrolls of identify {unknown}
 o - 2 scrolls of blinking {unknown}
 p - 2 scrolls of magic mapping {unknown}
 s - a scroll of vulnerability {unknown}
 t - a scroll of brand weapon {unknown}
Potions
 d - a potion of might
 g - 3 potions of heal wounds {unknown}
 i - a potion of degeneration {unknown}
 j - 2 potions of mutation {unknown}
 k - 2 potions of curing {unknown}
 m - a potion of ambrosia {unknown}
 n - 2 potions of berserk rage {unknown}
 q - 2 potions of attraction {unknown}
 r - a potion of cancellation {unknown}


   Skills:
 + Level 4.6 Fighting
 + Level 5.0 Axes
 + Level 5.7 Armour
 + Level 2.2 Dodging
 + Level 0.1 Stealth
 + Level 4.5 Shields


You had 5 spell levels left.
You didn't know any spells.
Your spell library contained the following spells:

 Spells                   Type           Power      Damage    Failure   Level
 Beastly Appendage        Tmut           0%         N/A       86%         1
 Wereblood                Tmut           0%         N/A       94%         2
 Ozocubu's Armour         Ice            0%         N/A       99%         3
 Spider Form              Tmut/Pois      0%         N/A       99%         3
 Dispersal                Tloc           0%         N/A       100%        6
 Ozocubu's Refrigeration  Ice            0%         4d7       100%        7
 Disjunction              Tloc           0%         N/A       100%        8


Dungeon Overview and Level Annotations

Branches:
Dungeon (4/15)             Temple (1/1) D:4

Altars:
Ashenzari
Cheibriados
Dithmenos
Elyvilon
Fedhas
Gozag
Hepliaklqana
Kikubaaqudgha
Makhleb
Nemelex Xobeh
Qazlal
Sif Muna
Uskayaw
Vehumet
Wu Jian
Xom
Yredelemnul
Zin
The Shining One

Shops:
D:4 (

Portals:
Abyss: D:4

Annotations:
D:4 2 transporters, Crazy Yiuf; Jingleheimer's ghost, novice TrGl


Innate Abilities, Weirdness & Mutations

Your life essence is reduced to manifest your ancestor. (-10% HP)
You have a pair of horns on your head.
You reflexively headbutt those who attack you in melee.


Message History

Found a stone staircase leading up.
Found a stone staircase leading down.
You see here 5 stones.
Found a leather armour.
A kobold comes into view. It is wielding a +0 whip.
The kobold shouts!
A kobold is nearby!
You hit the kobold.
You kill the kobold!
You see here a +0 whip.
You swap places.
You see here a +0 whip.
You see here 5 stones.
The quasit gives a chilling moan.
The kobold brigand shouts!
The white imp shouts!
Key pressed, stopping explore.
t - a scroll labelled ORHAEHYAME You swap places.
Key pressed, stopping explore.
You open the door. You hit Crazy Yiuf. You headbutt Crazy Yiuf!
Crazy Yiuf is severely wounded.
Crazy Yiuf completely misses you.
Crazy Yiuf hits you with a +2 quarterstaff of chaos.
You closely miss Crazy Yiuf.
Crazy Yiuf is heavily wounded.
Crazy Yiuf hits you with a +2 quarterstaff of chaos!
Crazy Yiuf freezes you.
You hit Crazy Yiuf but do no damage.
Crazy Yiuf is heavily wounded.
Crazy Yiuf grits, "Snoogle hog arga!"
Crazy Yiuf hits you with a +2 quarterstaff of chaos!
Crazy Yiuf burns you.
You barely miss Crazy Yiuf.
Crazy Yiuf is heavily wounded.
Crazy Yiuf hits you with a +2 quarterstaff of chaos!
* * * LOW HITPOINT WARNING * * *
You are electrocuted!!
You die...

######## #....).#
#.####.# ### #.#
##.##### #......#
###### ###
##.###.###
##....## ###..)#
#.[#.<...#
#......####@g...#
####.#.#.#
#......R#.R##...#
#>#.#.#
#......#.### ###
#.#(#.#
##.#######
####.....# #.#
#.####.### #.##
#########.# #.#
#..# #.........#
#.# ##.#
#.#.#.....# #.#
#.# ##.#.#.....#
#.###


You could see the friendly Rtas 'Vadum the ancestor and Crazy Yiuf (ally
target).

Vanquished Creatures
  The ghost of Ascent the Sneak, an amateur DsBr (D:3)
  A phantom (D:4)
  Natasha (thrice) (D:4)
  An iguana (D:4)
  5 adders
  A gnoll (D:1)
  2 worms (D:2)
  A dart slug (D:3)
  3 bats
  2 endoplasms
  5 giant cockroaches
  11 goblins
  8 hobgoblins
  3 jackals (D:1)
  7 kobolds
  4 quokkas
  5 ball pythons
  3 frilled lizards (D:1)
  6 rats
72 creatures vanquished.

Notes
Turn   | Place    | Note
-------+----------+-------------------------------------------
     0 | D:1      | GigaChad the Minotaur Fighter began the quest for the Orb.
     0 | D:1      | Reached XP level 1. HP: 19/19 MP: 0/0
    35 | D:1      | Reached XP level 2. HP: 16/27 MP: 1/1
   265 | D:1      | Reached XP level 3. HP: 30/33 MP: 2/2
   825 | D:2      | Found a faded altar of an unknown god.
  1465 | D:2      | Reached XP level 4. HP: 31/40 MP: 3/3
  1952 | D:3      | Found a runed translucent door.
  2002 | D:3      | Noticed Ascent's ghost (amateur DsBr)
  2014 | D:3      | Reached skill level 1 in Dodging
  2018 | D:3      | Killed Ascent's ghost
  2019 | D:3      | Reached skill level 5 in Armour
  2019 | D:3      | Reached XP level 5. HP: 41/47 MP: 4/4
  2109 | D:3      | Found a hazy altar of Hepliaklqana.
  2217 | D:3      | Became a worshipper of Hepliaklqana the Forgotten
  2598 | D:3      | Found a broken altar of Ashenzari.
  2604 | D:3      | Found an ancient bone altar of Kikubaaqudgha.
  2609 | D:3      | Found a burning altar of Makhleb.
  2701 | D:4      | Found Loigugad's Weapon Boutique.
  2865 | D:4      | Found a transporter.
  2876 | D:4      | Noticed a small abomination
  2876 | D:4      | Noticed a toenail golem
  2879 | D:4      | Noticed Jingleheimer's ghost (novice TrGl)
  2880 | D:4      | Found a glowing golden altar of the Shining One.
  2905 | D:4      | Found a transporter.
  3021 | D:4      | Noticed Natasha
  3039 | D:4      | Killed Natasha
  3078 | D:4      | Noticed Natasha
  3084 | D:4      | Killed Natasha
  3188 | D:4      | Found a staircase to the Ecumenical Temple.
  3188 | D:4      | Noticed Natasha
  3198 | D:4      | Killed Natasha
  3199 | D:4      | Reached XP level 6. HP: 24/53 MP: 5/5
  3203 | Temple   | Entered the Ecumenical Temple
  3518 | D:4      | Found a runed translucent door.
  3519 | D:4      | Noticed Crazy Yiuf
  3582 | D:4      | Reached skill level 5 in Axes
  3694 | D:4      | Reached * piety under Hepliaklqana
  3763 | D:4      | Found a one-way gate to the infinite horrors of the Abyss.
  3965 | D:4      | Mangled by Crazy Yiuf

Illustrated notes

Levels and vault maps discovered:
D:1:      lightli_iron_boxes, layout_rooms, minivault_5
D:2:      layout_loops_ring, shapermc_ecumenical_altar_petra
D:3:      layout_rooms, minmay_overflow_temple_star_quad,
          nicolae_hepliaklqana_hippocampus, ebering_ghost_sewer_d
D:4:      layout_loops_cross, lemuel_doored_altar, minmay_temple_entry_slanted,
          serial_shops, nicolae_shop_bloodbath_and_beyond,
          gammafunk_ghost_abyssal_escape, amcnicky_mini_rare_corridor_liquid,
          uniq_crazy_yiuf_cottage, uniq_natasha
Temple:   nicolae_temple_superstar

Skill      XL: |  1  2  3  4  5  6 |
---------------+-------------------+-----
Armour         | 4 5 |  5.7
Fighting       | 4 |  4.6
Axes           | 3 4 5 |  5.0
Shields        | 4 |  4.5
Dodging        | 1 2 |  2.2
Stealth        | |  0.1

Action                   |  1- 3 |  4- 6 || total
-------------------------+-------+-------++-------
Melee: War axe           |    67 |    79 ||   146
       Headbutt          |     8 |    12 ||    20
Invok: Ancestor Identity |       |     1 ||     1
Armor: Scale mail        |    57 |    45 ||   102
Dodge: Dodged            |    45 |    49 ||    94
Block: Buckler           |    27 |    17 ||    44
